 Dungeon Crawl Stone Soup version 0.29.1-2-gbd0b4ee654 (webtiles) character file.

Game seed: 1550041909181072328

50 identify the Gusty (level 3, -5/14 HPs)
             Began as a Felid Air Elementalist on Nov 10, 2022.
             Was a Follower of Makhleb.
             Slain by an orc priest
             ... wielding a +0 morningstar
              (11 damage)
             ... on level 3 of the Dungeon.
             The game lasted 00:31:45 (2288 turns).

identify the Gusty (Felid Air Elementalist)         Turns: 2288, Time: 00:31:46

Health: -5/14      AC:  1    Str:  4    XL:     3   Next: 55%
Magic:  1/7        EV: 17    Int: 18    God:    Makhleb [*.....]
Gold:   192        SH:  0    Dex: 16    Spells: 6/7 levels left
                                        Lives:  0   Deaths: 0

rFire   . . .      SeeInvis +   (weapon unavailable)
rCold   . . .      Faith    .   (shield unavailable)
rNeg    . . .      Spirit   .   (body armour unavailable)
rPois   .          Reflect  .   (helmet unavailable)
rElec   .          Harm     .   (cloak unavailable)
rCorr   .          Rampage  .   (gloves unavailable)
Will    .....                   (boots unavailable)
Stlth   +.........              (no amulet)
HPRegen 0.04/turn               (no ring)
MPRegen 0.10/turn               (no ring)

@: confused, quick
A: very small, claws 1, fangs 3, see invisible, speed 1, shaggy fur 1, stealthy
paws, no weapons or thrown items, no armour, multi-lived
a: Renounce Religion


You were on level 3 of the Dungeon.
You worshipped Makhleb.
Makhleb was aware of your devotion.
You visited 1 branch of the dungeon, and saw 3 of its levels.

You collected 192 gold pieces.

Inventory:

Scrolls
 b - 2 scrolls of enchant armour {unknown}
 e - a scroll of identify {unknown}
 f - 2 scrolls of fog {unknown}
 g - a scroll of acquirement {unknown}
Potions
 a - a potion of magic
 c - 2 potions of mutation {unknown}
 d - a potion of attraction {unknown}
 h - a potion of might {unknown}
 i - a potion of brilliance {unknown}
 l - a potion of flight {unknown}
 m - a potion of resistance {unknown}


   Skills:
 + Level 2.7 Dodging
 * Level 3.2 Stealth
 * Level 2.5 Spellcasting
 * Level 1.5 Conjurations
 * Level 3.3 Air Magic


You had 6 spell levels left.
You knew the following spells:

 Your Spells              Type           Power      Damage    Failure   Level
a - Shock                 Conj/Air       44%        1d5       6%          1

Your spell library contained the following spells:

 Spells                   Type           Power      Damage    Failure   Level
 Static Discharge         Conj/Air       11%        3-5/arc   10%         2
 Swiftness                Air            14%        N/A       13%         3
 Dazzling Flash           Conj/Hex       10%        N/A       36%         3
 Airstrike                Air            7%         2d(1-17)  41%         4
 Iskenderun's Mystic Bla  Conj/Tloc      5%         2d3       77%         4
 Starburst                Conj/Fire      2%         6d3       100%        6


Dungeon Overview and Level Annotations

Branches:
Dungeon (3/15)

Altars:
Makhleb

Shops:
D:2 ((


Innate Abilities, Weirdness & Mutations

You have sharp claws.
You have razor-sharp teeth.
You have supernaturally acute eyesight. (SInv)
You cover ground quickly. (Speed+)
You are covered in fur. (AC +1)
Your paws help you pounce on unaware monsters.
You are incapable of wielding weapons or throwing items.
You cannot wear armour.
You gain extra lives every three experience levels.


Message History

Aim: an orc wizard, wielding a +0 dagger and wearing a +0 robe (severely wounded, slightly transparent, 60% to hit)
You miscast Shock.
You are very lightly contaminated with residual magic.
Nothing appears to happen.
The orc closely misses you.
An orc priest comes into view. It is wielding a +0 morningstar.
Casting: Shock (safe; 6% risk of failure)
Confirm with . or Enter, or press ? or * to list all spells.
Aiming: Shock (safe; 6% risk of failure)
Press: ? - help, Shift-Dir - straight line, f/p - orc wizard
Aim: an orc wizard, wielding a +0 dagger and wearing a +0 robe (severely wounded, slightly transparent, 60% to hit)
The zap hits the orc.
You kill the orc!
Makhleb accepts your kill.
The zap misses the orc wizard.
The zap hits the orc priest.
The orc priest is lightly wounded.
Casting: Shock (safe; 6% risk of failure)
Confirm with . or Enter, or press ? or * to list all spells.
You don't have enough magic to cast this spell.
You scratch the orc wizard but do no damage.
The orc wizard is severely wounded.
The orc wizard barely misses you.
You closely miss the orc wizard.
The orc wizard is severely wounded.
You closely miss the orc wizard.
The orc wizard is severely wounded.
The orc priest miscasts a cantrip.
The orc wizard hits you with a +0 dagger.
You barely miss the orc wizard.
The orc wizard is severely wounded.
The orc wizard points at you and mumbles some strange words.
You are confused.
You bump into the rock wall.
A kobold comes into view. It is wielding a +0 dagger.
Your magical contamination has completely faded away.
You closely miss the orc priest.
The orc priest is lightly wounded.
The orc wizard hits you with a +0 dagger.
The orc priest hits you with a +0 morningstar!
Ouch! That really hurt!
You die...

#.# ### #>#
....####.#
.......#.##
.......>..#
######.#<.#
#.#..######.
#.#.o....)K.
#.#.@o.....#
#.########.#
#. #.


You could see an orc priest, an orc wizard (invisible) and a kobold (wandering).

Vanquished Creatures
  2 adders (D:2)
  A worm (D:2)
  2 orcs (D:3)
  2 ball pythons (D:1)
  2 bats
  4 endoplasms
  A goblin (D:1)
  3 hobgoblins (D:1)
  2 kobolds (D:1)
  3 frilled lizards (D:2)
  4 rats
26 creatures vanquished.

Vanquished Creatures (others)
  10 plants (D:2)
10 creatures vanquished.

Grand Total: 36 creatures vanquished

Notes
Turn   | Place    | Note
-------+----------+-------------------------------------------
     0 | D:1      | identify the Felid Air Elementalist began the quest for the
                  | Orb.
     0 | D:1      | Reached XP level 1. HP: 7/7 MP: 4/4
   315 | D:1      | Reached XP level 2. HP: 11/11 MP: 0/6
  1256 | D:2      | Reached skill level 1 in Conjurations
  1330 | D:2      | Found Ybuogige's Weapon Shop.
  1342 | D:2      | Found Tistud's Antique Weapon Boutique.
  1385 | D:2      | Reached XP level 3. HP: 14/14 MP: 2/7
  2066 | D:2      | Found a faded altar of an unknown god.
  2155 | D:2      | Prayed at the altar of an unknown god.
  2155 | D:2      | Became a worshipper of Makhleb the Destroyer
  2155 | D:2      | Reached * piety under Makhleb
  2288 | D:3      | Slain by an orc priest

Illustrated notes

Levels and vault maps discovered:
D:1:      minmay_arrival_pointy, layout_basic
D:2:      minmay_door_path, layout_rooms, chequers_ecumenical_altar_lobes,
          serial_shops, shop, shop
D:3:      layout_loops_ring

Skill      XL: |  1  2 |
---------------+-------+-----
Air Magic      | 3 |  3.3
Stealth        | 3 |  3.2
Conjurations   | 1 |  1.5
Dodging        | |  2.7
Spellcasting   | |  2.5

Action                   || total
-------------------------++-------
Melee: Unarmed           ||    54
       Bite              ||    10
       Punch             ||     1
 Cast: Shock             ||    63
Armor: Skin              ||     3
Dodge: Dodged            ||    17
